PAA
MERCER ISLAND SCREAMING EAGLES @ SAN BERNARDINO GRASSHOPPERS
08/20/2037
 
TOP OF THE 1ST
Mercer Island Screaming Eagles batting - Pitching for San Bernardino Grasshoppers : RHP Jordan Guérin
Pitching: RHP Jordan Guérin
Batting: SHB Jason Graham 0-0: Foul Ball, location: 2F
0-1: Ball
1-1: Fly out, F7 (Flyball, 7D, EV 73.1 MPH)
Batting: RHB Maxence Sultanbekov 0-0: Called Strike
0-1: Ball
1-1: Ball
2-1: Fly out, F4 (Line Drive, 4, EV 66.2 MPH)
Batting: LHB Ricardo Varela 0-0: Swinging Strike
0-1: Swinging Strike
0-2: Strikes out swinging
Top of the 1st over - 0 runs, 0 hits, 0 errors, 0 left on base; Mercer Island 0 - San Bernardino 0
BOTTOM OF THE 1ST
San Bernardino Grasshoppers batting - Pitching for Mercer Island Screaming Eagles : RHP Kelemeneke Balun
Pitching: RHP Kelemeneke Balun
Batting: RHB Kristoffer Melin 0-0: Ball
1-0: Called Strike
1-1: Swinging Strike
1-2: Strikes out looking
Batting: RHB Albert Seals 0-0: Foul Ball, location: 2F
0-1: Called Strike
0-2: Ball
1-2: Foul Ball, location: 2F
1-2: Strikes out swinging, 2-3 out at first.
Batting: LHB Riley Rowbery 0-0: Ball
1-0: Ball
2-0: Called Strike
2-1: Swinging Strike
2-2: Foul Ball, location: 2F
2-2: Foul Ball, location: 2F
2-2: Ball
3-2: Foul Ball, location: 2F
3-2: Strikes out swinging
Bottom of the 1st over - 0 runs, 0 hits, 0 errors, 0 left on base; Mercer Island 0 - San Bernardino 0
TOP OF THE 2ND
Mercer Island Screaming Eagles batting - Pitching for San Bernardino Grasshoppers : RHP Jordan Guérin
Batting: RHB Ryoichi Yoshida 0-0: Swinging Strike
0-1: Called Strike
0-2: Ball
1-2: Ground out U3 (Groundball, 3, EV 108.1 MPH)
Batting: RHB Terry John 0-0: Ball
1-0: Foul Ball, location: 2F
1-1: Ground out 1-3 (Groundball, 13S, EV 71.2 MPH)
Batting: RHB Frank Ray 0-0: Ball
1-0: Ball
2-0: Called Strike
2-1: Foul Ball, location: 2F
2-2: SINGLE (Groundball, 56D, EV 97.5 MPH)
Batting: RHB Asbel Kiprop 0-0: Called Strike
0-1: Called Strike
0-2: Ball
1-2: Ball
2-2: Foul Ball, location: 2F
2-2: Strikes out swinging
Top of the 2nd over - 0 runs, 1 hit, 0 errors, 1 left on base; Mercer Island 0 - San Bernardino 0
BOTTOM OF THE 2ND
San Bernardino Grasshoppers batting - Pitching for Mercer Island Screaming Eagles : RHP Kelemeneke Balun
Batting: LHB José Soriano 0-0: Ball
1-0: Called Strike
1-1: Ground out U3 (Groundball, 3L, EV 90.0 MPH)
Batting: RHB Ezra Booth 0-0: Ball
1-0: Called Strike
1-1: Ball
2-1: Ball
3-1: SINGLE (Groundball, 6S, EV 68.8 MPH) (infield hit)
Batting: RHB Pancho Espinoza 0-0: Ball
1-0: Swinging Strike
1-1: Called Strike
1-2: Foul Ball, location: 2F
1-2: Fly out, F8 (Flyball, 8RS, EV 85.0 MPH)
Batting: RHB Tome Uso 0-0: Called Strike
0-1: Ground out 4-3 (Groundball, 4, EV 90.0 MPH)
Bottom of the 2nd over - 0 runs, 1 hit, 0 errors, 1 left on base; Mercer Island 0 - San Bernardino 0
TOP OF THE 3RD
Mercer Island Screaming Eagles batting - Pitching for San Bernardino Grasshoppers : RHP Jordan Guérin
Batting: RHB Corey Ollerton 0-0: Ball
1-0: Ball
2-0: Swinging Strike
2-1: SINGLE (Groundball, 34D, EV 101.9 MPH)
Batting: RHB Charles Basle 0-0: Fly out, F8 (Flyball, 8LS, EV 89.4 MPH)
Batting: SHB Jason Graham 0-0: Called Strike
0-1: Fly out, F7 (Flyball, 78D, EV 71.2 MPH)
Batting: RHB Maxence Sultanbekov 0-0: SINGLE (Groundball, 34D, EV 98.1 MPH)
Corey Ollerton to second
Runner from 2nd tries for 3rd, OUT! 9-5
Top of the 3rd over - 0 runs, 2 hits, 0 errors, 1 left on base; Mercer Island 0 - San Bernardino 0
BOTTOM OF THE 3RD
San Bernardino Grasshoppers batting - Pitching for Mercer Island Screaming Eagles : RHP Kelemeneke Balun
Batting: RHB Dusty Hunt 0-0: Called Strike
0-1: Foul Ball, location: 2F
0-2: Foul Ball, location: 2F
0-2: Ball
1-2: Foul Ball, location: 2F
1-2: Strikes out looking
Batting: RHB Rio Clark 0-0: Called Strike
0-1: Fly out, F7 (Line Drive, 7, EV 92.5 MPH)
Batting: RHB Kristoffer Melin 0-0: Called Strike
0-1: Ball
1-1: Ball
2-1: Ball
3-1: Ground out 4-3 (Groundball, 4, EV 87.5 MPH)
Bottom of the 3rd over - 0 runs, 0 hits, 0 errors, 0 left on base; Mercer Island 0 - San Bernardino 0
TOP OF THE 4TH
Mercer Island Screaming Eagles batting - Pitching for San Bernardino Grasshoppers : RHP Jordan Guérin
Batting: LHB Ricardo Varela 0-0: Called Strike
0-1: Ball
1-1: Ball
2-1: Ball
3-1: Foul Ball, location: 2F
3-2: Base on Balls
Batting: RHB Ryoichi Yoshida 0-0: Foul Ball, location: 2F
0-1: Swinging Strike
0-2: SINGLE (Line Drive, 8RS, EV 111.2 MPH)
Ricardo Varela to second
Batting: RHB Terry John 0-0: Called Strike
0-1: Swinging Strike
0-2: Hit by Pitch
Ricardo Varela to third
Ryoichi Yoshida to second
Batting: RHB Frank Ray 0-0: Called Strike
0-1: Swinging Strike
0-2: Strikes out swinging
Batting: RHB Asbel Kiprop 0-0: SINGLE (Groundball, 4MD, EV 97.5 MPH)
Ricardo Varela scores
Ryoichi Yoshida to third
Terry John to second
Batting: RHB Corey Ollerton 0-0: Foul Ball, location: 2F
0-1: Foul Ball, location: 2F
0-2: Fly out, F8 (Flyball, 8RM, EV 96.2 MPH)
Batting: RHB Charles Basle 0-0: Ball
1-0: Foul Ball, location: 2F
1-1: Ball
2-1: Foul Ball, location: 2F
2-2: SINGLE (Groundball, 56D, EV 94.4 MPH)
Ryoichi Yoshida scores
Terry John to third
Asbel Kiprop to second
Runner from 3rd tries for Home, SAFE, throw by LF to home
Batting: SHB Jason Graham 0-0: Called Strike
0-1: Swinging Strike
0-2: Foul Ball, location: 2F
0-2: SINGLE (Flyball, 8LS, EV 94.4 MPH)
Asbel Kiprop to third
Charles Basle to second
Runner from 3rd tries for Home, SAFE, throw by CF to home
Batting: RHB Maxence Sultanbekov 0-0: Called Strike
0-1: Ball
1-1: Ground out 4-3 (Groundball, 4, EV 81.9 MPH)
Top of the 4th over - 4 runs, 4 hits, 0 errors, 2 left on base; Mercer Island 4 - San Bernardino 0
BOTTOM OF THE 4TH
San Bernardino Grasshoppers batting - Pitching for Mercer Island Screaming Eagles : RHP Kelemeneke Balun
Batting: RHB Albert Seals 0-0: Called Strike
0-1: Swinging Strike
0-2: Ball
1-2: Strikes out swinging
Batting: LHB Riley Rowbery 0-0: Ball
1-0: Swinging Strike
1-1: Called Strike
1-2: Foul Ball, location: 2F
1-2: Foul Ball, location: 2F
1-2: Ball
2-2: Foul Ball, location: 2F
2-2: Strikes out looking
Batting: LHB José Soriano 0-0: Called Strike
0-1: Called Strike
0-2: Ball
1-2: SINGLE (Flyball, 8LS, EV 88.1 MPH)
Batting: RHB Ezra Booth 0-0: Called Strike
0-1: Swinging Strike
0-2: Fly out, F6 (Popup, P, EV 77.5 MPH)
Bottom of the 4th over - 0 runs, 1 hit, 0 errors, 1 left on base; Mercer Island 4 - San Bernardino 0
TOP OF THE 5TH
Mercer Island Screaming Eagles batting - Pitching for San Bernardino Grasshoppers : RHP Jordan Guérin
Batting: LHB Ricardo Varela 0-0: Ball
1-0: Called Strike
1-1: Ball
2-1: Swinging Strike
2-2: Ball
3-2: Base on Balls
Batting: RHB Ryoichi Yoshida 0-0: Foul Ball, location: 2F
0-1: Foul Ball, location: 2F
0-2: Ball
1-2: Ball
2-2: Ball
3-2: Foul Ball, location: 2F
3-2: SINGLE (Groundball, 6D, EV 103.8 MPH)
Ricardo Varela to second
Batting: RHB Terry John 0-0: Ball
1-0: Fielders Choice at 2nd, 5-4 (Groundball, 5, EV 100.6 MPH)
Ricardo Varela to third
Batting: RHB Frank Ray 0-0: Foul Ball, location: 2F
0-1: Swinging Strike
0-2: Strikes out swinging
Batting: RHB Asbel Kiprop 0-0: Ball
1-0: Fielders Choice at 2nd, 5-4 (Groundball, 56, EV 101.2 MPH)
Top of the 5th over - 0 runs, 1 hit, 0 errors, 2 left on base; Mercer Island 4 - San Bernardino 0
BOTTOM OF THE 5TH
San Bernardino Grasshoppers batting - Pitching for Mercer Island Screaming Eagles : RHP Kelemeneke Balun
Batting: RHB Pancho Espinoza 0-0: Called Strike
0-1: Ground out U3 (Groundball, 3S, EV 80.0 MPH)
Batting: RHB Tome Uso 0-0: Ball
1-0: Ball
2-0: Fly out, F8 (Flyball, 8LS, EV 95.0 MPH)
Batting: RHB Dusty Hunt 0-0: Foul Ball, location: 2F
0-1: Ground out 4-3 (Groundball, 4, EV 104.4 MPH)
Bottom of the 5th over - 0 runs, 0 hits, 0 errors, 0 left on base; Mercer Island 4 - San Bernardino 0
TOP OF THE 6TH
Mercer Island Screaming Eagles batting - Pitching for San Bernardino Grasshoppers : RHP Jordan Guérin
Batting: RHB Corey Ollerton 0-0: Fly out, F7 (Flyball, 7D, EV 89.4 MPH)
Batting: RHB Charles Basle 0-0: Ball
1-0: Ball
2-0: Swinging Strike
2-1: Foul Ball, location: 2F
2-2: Foul Ball, location: 2F
2-2: Ball
3-2: Foul Ball, location: 2F
3-2: Strikes out swinging
Batting: SHB Jason Graham 0-0: Ball
1-0: Ball
2-0: Called Strike
2-1: Ball
3-1: Base on Balls
Pitching: RHP Ricardo Morales
Batting: RHB Maxence Sultanbekov 0-0: Swinging Strike
0-1: Ball
1-1: Ball
Jason Graham steals 2nd base
2-1: Ball
3-1: Base on Balls
Batting: LHB Ricardo Varela 0-0: Called Strike
0-1: Swinging Strike
0-2: Ball
1-2: Ball
2-2: Strikes out swinging
Top of the 6th over - 0 runs, 0 hits, 0 errors, 2 left on base; Mercer Island 4 - San Bernardino 0
BOTTOM OF THE 6TH
San Bernardino Grasshoppers batting - Pitching for Mercer Island Screaming Eagles : RHP Kelemeneke Balun
Batting: RHB Rio Clark 0-0: Called Strike
0-1: SINGLE (Groundball, 56D, EV 102.5 MPH)
Batting: RHB Kristoffer Melin 0-0: Ball
1-0: Swinging Strike
1-1: Ball
2-1: Foul Ball, location: 2F
2-2: Ball
3-2: Strikes out looking
Batting: RHB Albert Seals 0-0: Called Strike
0-1: Ball
1-1: Foul Ball, location: 2F
1-2: Ball
2-2: Ball
3-2: Grounds out, U3 (Groundball, 3L, EV 106.9 MPH)
Batting: LHB Riley Rowbery 0-0: Foul Ball, location: 2F
0-1: Ball
1-1: Foul Ball, location: 2F
1-2: Fly out, F6 (Popup, 6M, EV 75.0 MPH)
Bottom of the 6th over - 0 runs, 1 hit, 0 errors, 1 left on base; Mercer Island 4 - San Bernardino 0
TOP OF THE 7TH
Mercer Island Screaming Eagles batting - Pitching for San Bernardino Grasshoppers : RHP Ricardo Morales
Batting: RHB Ryoichi Yoshida 0-0: Ball
1-0: Swinging Strike
1-1: Foul Ball, location: 2F
1-2: Strikes out swinging
Batting: RHB Terry John 0-0: Ball
1-0: Called Strike
1-1: Swinging Strike
1-2: Ball
2-2: Foul Ball, location: 2F
2-2: Strikes out looking
Batting: RHB Frank Ray 0-0: Ball
1-0: Called Strike
1-1: Ball
2-1: Foul Ball, location: 2F
2-2: Ground out 6-3 (Groundball, 6, EV 84.4 MPH)
Top of the 7th over - 0 runs, 0 hits, 0 errors, 0 left on base; Mercer Island 4 - San Bernardino 0
BOTTOM OF THE 7TH
San Bernardino Grasshoppers batting - Pitching for Mercer Island Screaming Eagles : RHP Kelemeneke Balun
Batting: LHB José Soriano 0-0: Fly out, F8 (Flyball, 8RM, EV 82.5 MPH)
Batting: RHB Ezra Booth 0-0: Ball
1-0: Called Strike
1-1: Swinging Strike
1-2: Foul Ball, location: 2F
1-2: Foul Ball, location: 2F
1-2: Foul Ball, location: 2F
1-2: Ball
2-2: Strikes out swinging
Batting: RHB Pancho Espinoza 0-0: Ball
1-0: Called Strike
1-1: Ball
2-1: Ball
3-1: SINGLE (Groundball, 4MD, EV 108.8 MPH)
Batting: RHB Tome Uso 0-0: Fly out, F8 (Flyball, 8LD, EV 88.8 MPH)
Bottom of the 7th over - 0 runs, 1 hit, 0 errors, 1 left on base; Mercer Island 4 - San Bernardino 0
TOP OF THE 8TH
Mercer Island Screaming Eagles batting - Pitching for San Bernardino Grasshoppers : RHP Ricardo Morales
Batting: RHB Asbel Kiprop 0-0: Called Strike
0-1: SINGLE (Line Drive, 78S, EV 111.2 MPH)
Pitching: RHP Mihai Dumitru
Batting: RHB Corey Ollerton 0-0: Sac Bunt to 2R - play at first, batter OUT! 2-3
Asbel Kiprop to second
Batting: RHB Charles Basle 0-0: Called Strike
0-1: Foul Ball, location: 2F
0-2: Ball
1-2: Fly out, F8 (Flyball, 8RM, EV 85.0 MPH)
Batting: SHB Jason Graham 0-0: Ball
1-0: Ball
2-0: Foul Ball, location: 2F
2-1: TRIPLE (Flyball, 9LD, EV 103.8 MPH)
Asbel Kiprop scores
Batting: RHB Maxence Sultanbekov 0-0: Ball
1-0: Called Strike
1-1: Foul Ball, location: 2F
1-2: Ball
2-2: Strikes out swinging, 2-3 out at first.
Top of the 8th over - 1 run, 2 hits, 0 errors, 1 left on base; Mercer Island 5 - San Bernardino 0
BOTTOM OF THE 8TH
San Bernardino Grasshoppers batting - Pitching for Mercer Island Screaming Eagles : RHP Kelemeneke Balun
Pitching: RHP Rio Dring
Batting: RHB Dusty Hunt 0-0: Swinging Strike
0-1: Fly out, F7 (Flyball, 7S, EV 88.1 MPH)
Batting: RHB Rio Clark 0-0: Ball
1-0: Ball
2-0: Foul Ball, location: 2F
2-1: Foul Ball, location: 2F
2-2: Strikes out swinging
Batting: RHB Kristoffer Melin 0-0: Ball
1-0: Swinging Strike
1-1: Ball
2-1: Foul Ball, location: 2F
2-2: Strikes out swinging
Bottom of the 8th over - 0 runs, 0 hits, 0 errors, 0 left on base; Mercer Island 5 - San Bernardino 0
TOP OF THE 9TH
Mercer Island Screaming Eagles batting - Pitching for San Bernardino Grasshoppers : RHP Mihai Dumitru
Pitching: RHP Júlio Antunez
Batting: LHB Ricardo Varela 0-0: Ball
1-0: Called Strike
1-1: Swinging Strike
1-2: Ball
2-2: Strikes out swinging
Batting: RHB Ryoichi Yoshida 0-0: Fly out, F9 (Flyball, 89S, EV 83.1 MPH)
Batting: RHB Terry John 0-0: Called Strike
0-1: SINGLE (Groundball, 34D, EV 94.4 MPH)
Batting: RHB Frank Ray 0-0: Ball
1-0: Foul Ball, location: 2F
1-1: Fly out, F8 (Flyball, 8RXD, EV 96.2 MPH)
Top of the 9th over - 0 runs, 1 hit, 0 errors, 1 left on base; Mercer Island 5 - San Bernardino 0
BOTTOM OF THE 9TH
San Bernardino Grasshoppers batting - Pitching for Mercer Island Screaming Eagles : RHP Rio Dring
Batting: RHB Albert Seals 0-0: Fly out, F8 (Flyball, 8RXD, EV 95.6 MPH)
Batting: LHB Riley Rowbery 0-0: Called Strike
0-1: Ball
1-1: Ball
2-1: Foul Ball, location: 2F
2-2: Strikes out swinging
Batting: LHB José Soriano 0-0: SOLO HOME RUN (Flyball, 89XD, EV 99.4 MPH), Distance : 405 ft
Batting: RHB Ezra Booth 0-0: Ball
1-0: Foul Ball, location: 2F
1-1: Ball
2-1: Foul Ball, location: 2F
2-2: Ball
3-2: Base on Balls
Batting: RHB Pancho Espinoza 0-0: Fly out, F8 (Flyball, 8RXD, EV 112.5 MPH)
Bottom of the 9th over - 1 run, 1 hit, 0 errors, 1 left on base; Mercer Island 5 - San Bernardino 1
Thursday, January 23rd, 2020 - OOTP Baseball 20.8 Build 74